 Dungeon Crawl Stone Soup version 0.25.1-2-g60ff931df9 (webtiles) character file.

Game seed: 13694913245448028345

14520 Johnny the Impaler (level 11, -15/79 HPs)
             Began as a Demigod Gladiator on Aug 15, 2020.
             Demolished by a white ugly thing (33 damage)
             ... on level 11 of the Dungeon.
             The game lasted 00:18:41 (12984 turns).

Johnny the Impaler (Demigod Gladiator)             Turns: 12984, Time: 00:18:42

Health: -15/79     AC: 10    Str: 23    XL:     11   Next: 59%
Magic:  6/14       EV: 12    Int: 12    God:
Gold:   1250       SH:  0    Dex: 17    Spells: 10/10 levels left

rFire    . . .     SeeInvis .   L - +0 halberd
rCold    . . .     Gourm    .   (shield currently unavailable)
rNeg     . . .     Faith    .   x - +0 swamp dragon scales
rPois    +         Spirit   .   O - +0 hat
rElec    .         Reflect  .   (no cloak)
rCorr    .         Harm     .   y - +0 pair of gloves
MR       ++...                  (no boots)
Stlth    +.........             i - amulet of regeneration
HPRegen  0.63/turn              (no ring)
MPRegen  0.14/turn              u - ring of protection from magic

@: about to teleport
A: antennae 1, thin metallic scales 1, high mp 1, MP-powered wands
a: no special abilities


You were on level 11 of the Dungeon.
You were not hungry.

You visited 1 branch of the dungeon, and saw 11 of its levels.
You also visited: Bailey.

You collected 1335 gold pieces.
You spent 85 gold pieces at shops.

Inventory:

Hand Weapons
 L - a +0 halberd (weapon)
Armour
 c - a +0 helmet
 x - +0 swamp dragon scales (worn)
 y - a +0 pair of gloves (worn)
 C - the +1 ring mail of Circular Logic {rN+}
   (You found it in a bailey)

   It protects you from negative energy.
 H - a +2 chain mail of poison resistance
 O - a +0 hat (worn)
Jewellery
 i - an amulet of regeneration (around neck)
 p - a +6 ring of intelligence
 u - a ring of protection from magic (right hand)
 A - an uncursed ring of flight
 P - a cursed amulet of inaccuracy {unknown}
Wands
 d - a wand of polymorph (8)
 K - a wand of clouds (1)
Scrolls
 a - a scroll of fear
 e - 6 scrolls of remove curse
 h - a scroll of enchant weapon
 k - a scroll of enchant armour
 n - 2 scrolls of amnesia
 q - 3 scrolls of teleportation
 r - a scroll of noise {unknown}
 s - 3 scrolls of blinking {unknown}
 z - 2 scrolls of fog
 B - a scroll of magic mapping {unknown}
 D - a scroll of vulnerability {unknown}
 F - a scroll of random uselessness {unknown}
 I - a scroll of brand weapon {unknown}
 N - a scroll of identify
 R - a scroll of immolation {unknown}
Potions
 b - 2 potions of brilliance
 g - a potion of might
 j - 4 potions of curing
 l - 2 potions of heal wounds {unknown}
 m - 2 potions of flight
 o - 2 potions of haste
 t - 2 potions of ambrosia {unknown}
 v - a potion of lignification {unknown}
 w - 2 potions of berserk rage {unknown}
 E - a potion of cancellation {unknown}
 G - a potion of invisibility {unknown}
 Q - a potion of degeneration {unknown}
Comestibles
 f - 26 rations
 J - 10 chunks of flesh


   Skills:
 - Level 1.7 Fighting
 + Level 16.8 Polearms
 - Level 1.7 Throwing
 - Level 2.6 Dodging


You had 10 spell levels left.
You didn't know any spells.
Your spell library contained the following spells:

 Spells                   Type           Power        Failure   Level  Hunger
 Animate Skeleton         Necr           N/A          47%         1    ##.....
 Apportation              Tloc           #.....       47%         1    ##.....
 Corona                   Hex            #......      47%         1    ##.....
 Magic Dart               Conj           #...         47%         1    ##.....
 Sandblast                Erth           #.....       47%         1    ##.....
 Summon Small Mammal      Summ           #...         47%         1    ##.....
 Passwall                 Tmut/Erth      #.......     63%         2    ###....
 Searing Ray              Conj           #.....       63%         2    ###....
 Dazzling Flash           Conj/Hex       #.....       85%         3    ####...
 Stone Arrow              Conj/Erth      #.....       85%         3    ####...
 Fulminant Prism          Conj/Hex       #.........   99%         4    #####..
 Iskenderun's Mystic Bla  Conj/Tloc      #.......     99%         4    #####..
 Petrify                  Tmut/Erth      #.......     99%         4    #####..
 Lee's Rapid Deconstruct  Erth           #.........   100%        5    ######.


Dungeon Overview and Level Annotations

Branches:
Dungeon (11/15)            Temple (0/1) D:5            Lair (0/6) D:11
    Orc (0/2) D:10         Bailey (visited)

Shops:
D:6 *   D:9 }

Portals:
Trove: D:10 (give 5 scrolls of fear)


Innate Abilities, Weirdness & Mutations

You have an increased reservoir of magic. (+10% MP)
You have a pair of small antennae on your head.
You are partially covered in thin metallic scales. (AC +2)
You expend magic power (3 MP) to strengthen your wands.


Message History

You slice the white ugly thing!!
The white ugly thing is severely wounded.
Attack whom?
Press: ? - help, Dir - move target cursor, f/p - white ugly thing
Aim: a white ugly thing (severely wounded)
You closely miss the white ugly thing.
The white ugly thing is severely wounded.
The white ugly thing headbutts you but does no damage.
Attack whom?
Press: ? - help, Dir - move target cursor, f/p - white ugly thing
Aim: a white ugly thing (severely wounded)
You hit the white ugly thing but do no damage.
The white ugly thing is severely wounded.
The white ugly thing headbutts you! The white ugly thing freezes you!
* * * LOW HITPOINT WARNING * * *
As you read the scroll of teleportation, it crumbles to dust.
You feel strangely unstable. The white ugly thing headbutts you.
* * * LOW HITPOINT WARNING * * *
The white ugly thing freezes you!!
You die...

####..### #.......#
##############
#.#.#######.............
..#.....'.#.............
#######.#.'.รท.<.........
.)# #.###............. #(#.#
#.# #............. ....# ..#
#............. ##### ###
#.....@u.?....
#.............
####'######### #..#
#############'##########
...#.....##............#
####.###.##............#
.....# #...............#
.#####.#..#............###.#


You could see a white ugly thing.

Vanquished Creatures
  3 death yaks (D:11)
  A two-headed ogre (D:9)
  Urug (D:11)
  An orc knight (Bailey)
  A cyclops (D:11)
  Psyche (D:11)
  Maggie (D:6)
  A troll (D:11)
  A hornet (D:11)
  A meliai zombie (D:10)
  3 hippogriffs
  Sigmund (D:6)
  4 hogs (D:7)
  A human (D:7)
  A hungry ghost (D:7)
  A wyvern (D:11)
  A porcupine (D:11)
  A black bear (D:6)
  11 orc warriors
  2 ice beasts
  6 sky beasts
  A necrophage (D:9)
  8 ogres
  3 phantoms
  14 centaurs
  2 big kobolds
  3 bullfrogs
  A gnoll sergeant (D:10)
  A wyvern skeleton (D:8)
  A water moccasin skeleton (D:9)
  4 scorpions
  11 killer bees
  An electric eel (D:9)
  3 howler monkeys
  10 crimson imps
  2 centaur zombies
  A bullfrog zombie (D:6)
  4 hounds
  5 orc priests
  24 orc wizards
  A bullfrog skeleton (D:9)
  A gnoll shaman (D:9)
  5 jellies
  A centaur skeleton (D:9)
  An iguana (D:5)
  2 hell rats (D:11)
  8 worker ants
  A hound skeleton (D:9)
  A worker ant zombie (D:6)
  9 gnolls
  2 river rats (D:11)
  16 adders
  4 shadow imps
  An ooze (D:3)
  An adder skeleton (D:9)
  4 worms
  2 dart slugs
  6 leopard geckos
  78 orcs
  2 ball pythons
  5 bats
  6 giant cockroaches
  18 goblins
  15 hobgoblins
  13 jackals
  24 kobolds
  3 quokkas
  6 frilled lizards
  2 gnoll zombies (D:7)
  A jackal skeleton (D:5)
  2 jackal zombies
  2 leopard gecko skeletons (D:8)
  8 rats
394 creatures vanquished.

Vanquished Creatures (others)
  A gnoll (D:10)
1 creature vanquished.

Grand Total: 395 creatures vanquished

Notes
Turn   | Place    | Note
-------+----------+-------------------------------------------
     0 | D:1      | Johnny the Demigod Gladiator began the quest for the Orb.
     0 | D:1      | Reached XP level 1. HP: 17/17 MP: 3/3
    73 | D:1      | Reached skill level 3 in Polearms
   270 | D:1      | Reached XP level 2. HP: 24/24 MP: 4/4
   538 | D:1      | Reached XP level 3. HP: 29/29 MP: 5/5
   569 | D:1      | Reached skill level 4 in Polearms
  1186 | D:2      | Reached XP level 4. HP: 36/36 MP: 6/6
  1726 | D:3      | Reached skill level 5 in Polearms
  1856 | D:3      | Found an ancient bone altar of Kikubaaqudgha.
  1857 | D:3      | Found a radiant altar of Vehumet.
  1857 | D:3      | You fall into a shaft and drop 1 floor!
  1888 | D:3      | Found a shimmering altar of Xom.
  2531 | D:3      | Reached XP level 5. HP: 41/41 MP: 7/7
  2665 | D:4      | Noticed an ogre
  2674 | D:4      | Killed an ogre
  2674 | D:4      | Reached skill level 6 in Polearms
  3060 | D:4      | Reached XP level 6. HP: 12/48 MP: 8/8
  3317 | D:4      | Found a bloodstained altar of Trog.
  3842 | D:5      | Entered Level 5 of the Dungeon
  3859 | D:5      | Reached skill level 7 in Polearms
  4284 | D:5      | Reached XP level 7. HP: 47/53 MP: 9/9
  4363 | D:5      | Reached skill level 8 in Polearms
  4644 | D:5      | Found a staircase to the Ecumenical Temple.
  4873 | D:5      | Reached skill level 9 in Polearms
  5073 | D:5      | Found a shadowy altar of Dithmenos.
  5129 | D:6      | Noticed Sigmund
  5141 | D:6      | Killed Sigmund
  5141 | D:6      | Reached XP level 8. HP: 49/60 MP: 10/10
  5458 | D:6      | Reached skill level 10 in Polearms
  5505 | D:6      | Noticed Maggie
  5507 | D:6      | Found Widghuiph's Assorted Antiques.
  5521 | D:6      | Killed Maggie
  5775 | D:6      | Bought a twisted silver amulet for 85 gold pieces
  6127 | D:6      | Reached skill level 11 in Polearms
  6217 | D:6      | Found a sparkling altar of Nemelex Xobeh.
  6295 | D:7      | Found a flagged portal.
  6302 | Bailey   | Entered a bailey
  6402 | Bailey   | Got a fine ring mail
  6413 | Bailey   | Noticed an orc knight
  6520 | Bailey   | Identified the cursed +1 ring mail of Circular Logic {rN+}
                  | (You found it in a bailey)
  6695 | Bailey   | Gained mutation: You expend magic power (3 MP) to
                  | strengthen your wands. [potion of mutation]
  6695 | Bailey   | Gained mutation: You are partially covered in thin metallic
                  | scales. (AC +2) [potion of mutation]
  6695 | Bailey   | Gained mutation: You have a pair of small antennae on your
                  | head. [potion of mutation]
  6759 | Bailey   | Killed an orc knight
  6759 | Bailey   | Reached XP level 9. HP: 28/67 MP: 11/11
  6863 | Bailey   | Reached skill level 12 in Polearms
  7232 | D:7      | Found a basalt altar of Yredelemnul.
  7456 | D:7      | Reached skill level 13 in Polearms
  7843 | D:7      | Found a glowing golden altar of the Shining One.
  8063 | D:7      | Reached XP level 10. HP: 43/73 MP: 13/13
  8554 | D:8      | Reached skill level 14 in Polearms
  8815 | D:8      | Found a shimmering blue altar of Sif Muna.
  9106 | D:8      | Found a hazy altar of Hepliaklqana.
  9386 | D:9      | Noticed a two-headed ogre
  9541 | D:9      | Found Fuijopn's Gadget Emporium.
  9580 | D:9      | Killed a two-headed ogre
 10299 | D:9      | Reached skill level 15 in Polearms
 10744 | D:10     | Entered Level 10 of the Dungeon
 11279 | D:10     | Reached XP level 11. HP: 44/78 MP: 14/14
 11363 | D:10     | Found a staircase to the Orcish Mines.
 11836 | D:10     | Found a portal to a secret trove of treasure.
 12441 | D:11     | Found a staircase to the Lair.
 12443 | D:11     | Noticed a death yak
 12445 | D:11     | Noticed a death yak
 12446 | D:11     | Noticed a death yak
 12448 | D:11     | Noticed Urug
 12481 | D:11     | Killed a death yak
 12481 | D:11     | Reached skill level 16 in Polearms
 12499 | D:11     | Killed a death yak
 12516 | D:11     | Killed a death yak
 12527 | D:11     | Killed Urug
 12683 | D:11     | Noticed Psyche
 12700 | D:11     | Killed Psyche
 12984 | D:11     | Demolished by a white ugly thing

Illustrated notes

Levels and vault maps discovered:
D:1:      sevenhm_arrival_forest_fort_small_5, layout_loops_ring
D:2:      layout_basic, serial_glass, glass_columns_c, glass_columns_a,
          minmay_between
D:3:      minmay_evil_eye, layout_basic, gammafunk_temple_overflow_pools,
          lemuel_doored_altar
D:4:      layout_loops_ring, bloody_trog, first_ration
D:5:      layout_rooms, grunt_dithmenos_smoke_and_mirrors,
          minmay_temple_entry_junction_2
D:6:      layout_basic, marbit_many_paths, serial_shops, shop, uniq_maggie,
          uniq_sigmund
D:7:      layout_gridville, kennysheep_mini_moat,
          lemuel_zombie_altar_yredelemnul, enter_bailey_2, grunt_livestock
D:8:      layout_loops_ring, led_sif_pool, old_standard_altar, st_stairs_5
D:9:      layout_gridville, serial_shops, nicolae_shop_crystal,
          minmay_crystal_water
D:10:     layout_long_grid, david_orc_4, enter_trove_6
D:11:     layout_roguey, dpeg_lair_monsters, st_stairs_11,
          chequers_serial_rivers_small_a, feat_on_display, uniq_urug,
          uniq_psyche

Skill      XL: |  1  2  3  4  5  6  7  8  9 10 11 |
---------------+----------------------------------+-----
Polearms       | 3 4 5 6 7 9 11 13 15 16 | 16.8
Fighting       | |  1.7
Throwing       | |  1.7
Dodging        | |  2.6

Action                   |  1- 3 |  4- 6 |  7- 9 | 10-12 || total
-------------------------+-------+-------+-------+-------++-------
Melee: Trident           |   142 |   343 |   658 |   642 ||  1785
       Halberd           |       |       |       |   247 ||   247
Throw: Throwing net      |       |       |     3 |       ||     3
 Abil: Evoke Flight      |       |       |     5 |     1 ||     6
Evoke: Wand              |       |       |       |    15 ||    15
  Use: Scroll            |       |       |     7 |     4 ||    11
       Potion            |       |       |     7 |     1 ||     8
 Stab: Held in net/web   |       |       |     1 |       ||     1
       Paralysed         |       |       |       |    13 ||    13
       Confused          |       |       |       |     9 ||     9
  Eat: Chunk             |     1 |    10 |    14 |    16 ||    41
       Ration            |       |       |     1 |       ||     1
Armor: Chain mail        |    84 |   156 |    65 |       ||   305
       Leather armour    |     1 |       |       |       ||     1
       Swamp dragon scal |       |       |   119 |   213 ||   332
Dodge: Dodged            |    67 |   136 |   263 |   316 ||   782
